 Dungeon Crawl Stone Soup version 0.20-a0-640-g62ed22f (webtiles) character file.

330 Goblin1989 the Chopper (level 6, -3/51 HPs)
             Began as a Hill Orc Gladiator on Feb 12, 2017.
             Was an Initiate of Gozag.
             Killed by divine providence
             ... invoked by an orc priest
              (14 damage)
             ... on level 4 of the Dungeon.
             The game lasted 00:07:09 (3263 turns).

Goblin1989 the Chopper (Hill Orc Gladiator)         Turns: 3263, Time: 00:07:10

Health: -3/51      AC: 18    Str: 19    XL:     6   Next: 51%
Magic:  0/6        EV:  6    Int:  8    God:    Gozag
Gold:   205        SH:  0    Dex: 12    Spells: 5/5 levels left

rFire    . . .     SeeInvis .   y - +0 bardiche
rCold    . . .     Gourm    .   E - +0 plate armour
rNeg     . . .     Faith    .   (shield currently unavailable)
rPois    +         Spirit   +   c - +0 helmet
rElec    .         Reflect  .   r - +0 cloak
rCorr    .         Harm     .   (no gloves)
MR       .....                  m - +0 pair of boots
Stlth    ..........             s - amulet of guardian spirit
Regen    0.2/turn               D - +5 ring of protection
MPRegen  0.1/turn               o - ring of poison resistance

@: no status effects
A: no striking features
a: Potion Petition, Call Merchant, Bribe Branch, Renounce Religion, Convert to
Beogh


You were on level 4 of the Dungeon.
You worshipped Gozag.
Gozag was aware of your devotion.
You were very hungry.

You visited 1 branch of the dungeon, and saw 4 of its levels.

You collected 233 gold pieces.
You paid 28 gold pieces to Gozag.

Inventory:

Hand Weapons
 a - a +0 war axe
 y - a +0 bardiche (weapon)
Missiles
 z - 7 needles of sleeping
 H - 4 curare-tipped needles
 Z - 3 throwing nets {!d, =f}
Armour
 c - a +0 helmet (worn)
 m - a +0 pair of boots (worn)
 r - a +0 cloak (worn)
 E - a +0 plate armour (worn)
Jewellery
 o - a ring of poison resistance (left hand)
 s - an amulet of guardian spirit (around neck)
 B - an uncursed ring of fire
 D - a +5 ring of protection (right hand)
 G - an uncursed ring of wizardry {unknown}
Scrolls
 b - 2 scrolls of identify {unknown}
 d - a scroll of immolation {unknown}
 g - a scroll of recharging {unknown}
 j - 8 scrolls of teleportation {unknown}
 p - a scroll of blinking {unknown}
 x - 2 scrolls of remove curse {unknown}
 A - a scroll of random uselessness {unknown}
 C - 3 scrolls of enchant weapon {unknown}
 F - a scroll of fear {unknown}
Potions
 h - 2 potions of haste {unknown}
 i - 2 potions of flight {unknown}
 k - 3 potions of might {unknown}
 l - a potion of mutation {unknown}
 q - a potion of heal wounds {unknown}
 t - 2 potions of resistance {unknown}
 u - 2 potions of lignification {unknown}
 v - 2 potions of berserk rage {unknown}
 w - a potion of curing {unknown}
Comestibles
 e - 2 bread rations {@e1}
 f - a meat ration {@e2}
 n - 3 royal jellies


   Skills:
 + Level 3.2 Fighting
 - Level 7.5(7.9) Axes
 * Level 2.9(5.0) Polearms
 - Level 1.7 Throwing
 + Level 1.5 Armour
 + Level 2.7 Dodging


You had 5 spell levels left.
You didn't know any spells.

Dungeon Overview and Level Annotations

Branches:
Dungeon (4/15)
 Temple: D:4-7

Altars:
Dithmenos
Elyvilon
Gozag
Nemelex Xobeh
Uskayaw
The Shining One


Message History

You take 11 damage, and have 37/51 hp.
O_OOPS!!
MASSIVE DAMAGE!!
You now have 5/6 mp.
An orc and an orc wizard come into view.
The orc wizard shouts!
The orc shouts! x2
The orc wizard casts a spell.
The orc wizard seems to speed up.
The orc priest invokes the aid of Beogh against you.
Beogh smites you!
The orc wizard points at you and mumbles some strange words.
The magic dart hits you!
An orc comes into view. It is wielding a short sword.
You are too injured to fight recklessly!
You are too injured to fight recklessly!
You take 14 damage, and have 23/51 hp.
O_OOPS!!
MASSIVE DAMAGE!!
You now have 3/6 mp.
You are too injured to fight recklessly!
You are too injured to fight recklessly!
You are too injured to fight recklessly!
You are too injured to fight recklessly!
You are too injured to fight recklessly!
You are too injured to fight recklessly!
You are too injured to fight recklessly!
You are too injured to fight recklessly!
You are too injured to fight recklessly!
You are too injured to fight recklessly!
You are too injured to fight recklessly!
You are too injured to fight recklessly!
You are too injured to fight recklessly!
You are too injured to fight recklessly!
You are too injured to fight recklessly!
You are too injured to fight recklessly!
You are too injured to fight recklessly!
You are too injured to fight recklessly!
You are too injured to fight recklessly!
You are too injured to fight recklessly!
You are too injured to fight recklessly!
You are too injured to fight recklessly!
You are too injured to fight recklessly!
You are too injured to fight recklessly!
You are too injured to fight recklessly!
You are too injured to fight recklessly!
You are too injured to fight recklessly!
You are too injured to fight recklessly!
You are too injured to fight recklessly!
You are too injured to fight recklessly!
Attack whom?
Press: ? - help, Dir - move target cursor, f - orc priest
Aim: an orc priest, wielding a short sword and wearing a leather armour You reach to attack!
You hit the orc priest but do no damage.
The orc priest casts a cantrip, but nothing happens.
The orc wizard hits you but does no damage.
The orc wizard gestures at you while chanting.
The puff of flame misses you.
Attack whom?
Press: ? - help, Dir - move target cursor, f/p - orc priest
Aim: an orc priest, wielding a short sword and wearing a leather armour You closely miss the orc priest.
The orc wizard hits you but does no damage.
The orc priest shouts, "Surrender to Beogh and we'll let you live!"
The orc priest hits you but does no damage.
The orc wizard barely misses you.
The orc priest hits you but does no damage.
The orc wizard completely misses you.
The orc priest calls down the wrath of Beogh upon you.
Beogh smites you!
* * * LOW HITPOINT WARNING * * *
You take 14 damage, and have 10/51 hp.
O_OOPS!!
MASSIVE DAMAGE!!
You now have 1/6 mp.
Attack whom?
Press: ? - help, Dir - move target cursor, f/p - orc priest
Aim: an orc priest, wielding a short sword and wearing a leather armour You reach to attack!
You slash the orc priest!
The orc priest shouts, "Beogh is our master!
Accept the truth or die!"
The orc priest is severely wounded.
The orc wizard hits you but does no damage.
Attack whom?
Press: ? - help, Dir - move target cursor, f/p - orc priest
Aim: an orc priest, wielding a short sword and wearing a leather armour (severely wounded)
The orc wizard is in the way.
You closely miss the orc wizard. The orc wizard completely misses you.
The orc wizard barely misses you.
Attack whom?
Press: ? - help, Dir - move target cursor, f/p - orc priest
Aim: an orc priest, wielding a short sword and wearing a leather armour (severely wounded)
The orc wizard is in the way.
Your plate armour prevents you from hitting the orc wizard.
The orc wizard hits you but does no damage.
The orc wizard completely misses you.
The orc wizard hits you but does no damage.
Attack whom?
Press: ? - help, Dir - move target cursor, f/p - orc priest
Aim: an orc priest, wielding a short sword and wearing a leather armour (severely wounded)
You reach to attack!
Your plate armour prevents you from hitting the orc priest.
The orc priest is severely wounded.
The orc wizard hits you but does no damage.
The orc priest mumbles some strange prayers to Beogh against you.
Beogh smites you!
You die...
Your body crumbles into a pile of gold. .. . █.██ █████

. █..█ █...██ ██.
█.█████....███..
█...........██.█
█
██.█████........█
█.█ ██..█
█....(██.█ █..█
█..██ ██....██..
█...██@██
███.████. █..oo██
███ ██ ██.oo█ █
█...█ ███ █..█.█
██.. █.████ █...
.. █... .. █...
█.█ ██..


You could see an orc priest, an orc wizard and 2 orcs.

Vanquished Creatures
  Natasha (twice) (D:2)
  A worker ant (D:4)
  3 hound skeletons (D:4)
  6 gnolls
  7 adders
  2 oozes
  3 worms (D:2)
  3 dart slugs (D:1)
  7 orcs (D:3)
  9 bats
  4 giant cockroaches
  6 goblins
  5 hobgoblins
  8 kobolds
  3 quokkas
  5 frilled lizards
  8 rats
82 creatures vanquished.

Vanquished Creatures (others)
  5 toadstools (D:1)
5 creatures vanquished.

Grand Total: 87 creatures vanquished

Notes
Turn   | Place    | Note
-------+----------+-------------------------------------------
     0 | D:1      | Goblin1989 the Hill Orc Gladiator began the quest for the Orb.
     0 | D:1      | Reached XP level 1. HP: 18/18 MP: 1/1
   110 | D:1      | Reached XP level 2. HP: 24/25 MP: 2/2
   350 | D:1      | Reached skill level 5 in Axes
   536 | D:1      | Reached XP level 3. HP: 27/30 MP: 3/3
   943 | D:2      | Reached skill level 6 in Axes
  1269 | D:2      | Noticed Natasha
  1280 | D:2      | Reached XP level 4. HP: 24/37 MP: 4/4
  1284 | D:2      | Killed Natasha
  1544 | D:2      | Reached skill level 7 in Axes
  1657 | D:2      | Reached XP level 5. HP: 39/42 MP: 5/5
  1715 | D:2      | Noticed Natasha
  1727 | D:2      | Killed Natasha
  1727 | D:2      | Reached skill level 1 in Polearms
  1776 | D:2      | Found a sparkling altar of Nemelex Xobeh.
  1849 | D:3      | Found a white marble altar of Elyvilon.
  2136 | D:3      | Found a shadowy altar of Dithmenos.
  2205 | D:3      | Noticed a dagger
  2205 | D:3      | Noticed a hand axe
  2256 | D:3      | Found a glowing golden altar of the Shining One.
  2289 | D:3      | Found a hide-covered altar of Uskayaw.
  2547 | D:3      | Found an opulent altar of Gozag.
  2551 | D:3      | Became a worshipper of Gozag Ym Sagoz the Greedy
  2870 | D:4      | Reached XP level 6. HP: 42/50 MP: 4/6
  3105 | D:4      | Reached skill level 1 in Armour
  3263 | D:4      | Killed from afar by an orc priest

Vault maps used:
D:1:      ldierk_walled_garden, minmay_tetromino_s2
D:2:      lemuel_coloured_pillars_altar, uniq_natasha
D:3:      dancing_weapons_uskayaw, marbit_many_paths, elyvilon_altar_5,
          old_standard_altar, nicolae_tso_swordbearing_angel
D:4:      first_bread, uniq_blork_the_orc

Skill      XL: |  1  2  3  4  5  6 |
---------------+-------------------+-----
Axes           | 5 6 7 |  7.5
Polearms       | 2 |  2.9
Fighting       | 3 |  3.2
Armour         | 1 |  1.5
Throwing       | |  1.7
Dodging        | |  2.7

Action                   |  1- 3 |  4- 6 || total
-------------------------+-------+-------++-------
Melee: War axe           |    84 |   136 ||   220
       Bardiche          |       |   119 ||   119
 Stab: Sleeping          |     2 |       ||     2
  Eat: Chunk             |     1 |     5 ||     6
       Fruit             |       |     1 ||     1
Armor: Leather armour    |    26 |    17 ||    43
       Plate armour      |       |   205 ||   205
Dodge: Dodged            |    65 |   147 ||   212

Vault maps used:
D:1:      ldierk_walled_garden, minmay_tetromino_s2
D:2:      lemuel_coloured_pillars_altar, uniq_natasha
D:3:      dancing_weapons_uskayaw, marbit_many_paths, elyvilon_altar_5,
          old_standard_altar, nicolae_tso_swordbearing_angel
D:4:      first_bread, uniq_blork_the_orc
